 Dungeon Crawl Stone Soup version 0.32-a0-656-g3542139ebd (webtiles) character file.

Game seed: 15924526764303952388

150289 tilp the Jinx (level 16, -2/132 HPs)
             Began as a Vampire Enchanter on Mar 8, 2024.
             Was the Champion of Wu Jian.
             Constricted to death by a naga warrior (7 damage)
             ... on level 2 of the Snake Pit.
             The game lasted 01:15:39 (37306 turns).

tilp the Jinx (Vampire Enchanter)                  Turns: 37306, Time: 01:15:40

Health: -2/132     AC: 18    Str:  7    XL:     16   Next: 98%
Magic:  16/28      EV:  9    Int: 27    God:    Wu Jian [******]
Gold:   524        SH: 13    Dex: 16    Spells: 2/32 levels left

rFire   + . .        a - +7 dagger (elec)
rCold   . . .        b - +1 kite shield {rF+}
rNeg    . . .        B - +1 leather armour {rPois}
rPois   +            w - +2 helmet {Int+3}
rElec   .            s - +2 cloak
rCorr   .            A - +2 pair of gloves
SInv    +            r - +2 pair of boots
Will    +....        (no amulet)
Stlth   ++++++       d - +4 ring of slaying
HPRegen 0.62/turn    Z - +5 ring of evasion
MPRegen 0.21/turn

%: no passive effects
@: lethally poisoned (-2 -> -5), healing quickly, slowed, constricted, very slow
A: alive, fangs 3, see invisible, vampiric 2
a: Exsanguinate, Renounce Religion, Wall Jump, Serpent's Lash, Heavenly Storm


You were on level 2 of the Snake Pit.
You worshipped Wu Jian.
Wu Jian was exalted by your worship.
You visited 5 branches of the dungeon, and saw 25 of its levels.
You also visited: Volcano.

You collected 3451 gold pieces.
You spent 2927 gold pieces at shops.

Inventory:

Hand Weapons
 a - a +7 dagger of electrocution (weapon)
Missiles
 f - 12 curare-tipped darts {!f}
 p - 45 poisoned darts
 u - 4 throwing nets
 z - 21 boomerangs (quivered)
 X - 10 javelins
Armour
 b - a +1 kite shield of fire resistance (worn)
 e - a +3 leather armour of fire resistance
 r - a +2 pair of boots (worn)
 s - a +2 cloak (worn)
 w - a +2 helmet of intelligence (worn)
 A - a +2 pair of gloves (worn)
 B - a +1 leather armour of poison resistance (worn)
 D - a +2 robe of willpower
 R - +0 steam dragon scales
Jewellery
 d - a +4 ring of slaying (left hand)
 t - a +4 ring of protection
 J - a ring of ice
 V - a ring of poison resistance
 Y - a ring of positive energy
 Z - a +5 ring of evasion (right hand)
Wands
 j - a wand of roots (14)
 v - a wand of acid (15)
 y - a wand of flame (15)
 H - a wand of mindburst (18)
 M - a wand of digging (8)
 Q - a wand of charming (16)
 S - a wand of polymorph (2)
Scrolls
 h - 5 scrolls of revelation
 o - 8 scrolls of fear
 x - a scroll of vulnerability
 C - 9 scrolls of teleportation
 F - 2 scrolls of silence
 G - 5 scrolls of fog
 I - 4 scrolls of blinking
 N - 2 scrolls of summoning
 W - 3 scrolls of poison
Potions
 c - 3 potions of invisibility
 g - 3 potions of lignification
 i - 3 potions of magic
 k - 10 potions of mutation
 l - 5 potions of enlightenment
 m - 10 potions of curing
 q - 9 potions of attraction
 E - 4 potions of haste
 K - 2 potions of resistance
 L - 4 potions of heal wounds
 P - 2 potions of ambrosia
Miscellaneous
 n - a lightning rod (4/4)
 T - a sack of spiders
 U - a phantom mirror


   Skills:
 * Level 13.7 Fighting
 - Level 10.0 Short Blades
 + Level 1.4 Throwing
 - Level 8.0 Armour
 - Level 10.0 Dodging
 + Level 14.4 Stealth
 - Level 10.0 Shields
 + Level 8.6 Spellcasting
 - Level 2.0 Conjurations
 * Level 14.7 Hexes
 - Level 2.0 Ice Magic
 - Level 2.0 Alchemy
 + Level 9.4 Evocations


You had 2 spell levels left.
You knew the following spells:

 Your Spells              Type           Power      Damage    Failure   Level
a - Ensorcelled Hibernat  Hex/Ice        100%       N/A       1%          2
b - Confusing Touch       Hex            74%        N/A       1%          3
c - Tukima's Dance        Hex            74%        N/A       1%          3
d - Dazzling Flash        Conj/Hex       100%       N/A       2%          3
e - Sigil of Binding      Hex            74%        N/A       1%          3
f - Yara's Violent Unrav  Hex/Alch       27%        3d12      24%         5
g - Enfeeble              Hex            37%        N/A       47%         7
h - Cause Fear            Hex            37%        N/A       1%          4

Your spell library contained the following spells:

 Spells                   Type           Power      Damage    Failure   Level
 Slow                     Hex            100%       N/A       1%          1
 Magic Dart               Conj           88%        1d7       12%         1
 Searing Ray              Conj           44%        2d6       17%         2
 Summon Small Mammal      Summ           44%        N/A       26%         1
 Mercury Vapours          Alch/Air       34%        N/A       26%         2
 Cigotuvi's Dreadful Rot  Necr/Alch/Air  30%        N/A       30%         2
 Lesser Beckoning         Tloc           22%        N/A       36%         2
 Anguish                  Hex/Necr       25%        N/A       13%         4
 Dimensional Bullseye     Hex/Tloc       25%        N/A       13%         4
 Ozocubu's Armour         Ice            22%        N/A       34%         3
 Mephitic Cloud           Conj/Alch/Air  18%        N/A       41%         3
 Call Canine Familiar     Summ           11%        N/A       61%         3
 Fugue of the Fallen      Necr           11%        N/A       61%         3
 Gell's Gravitas          Tloc           11%        N/A       61%         3
 Teleport Other           Tloc           11%        N/A       61%         3
 Vampiric Draining        Necr           11%        2d6       61%         3
 Volatile Blastmotes      Fire/Tloc      22%        2d11      61%         3
 Fulminant Prism          Conj/Alch      11%        3d9       75%         4
 Iskenderun's Mystic Bla  Conj/Tloc      17%        2d5       86%         4
 Animate Armour           Summ/Erth      22%        N/A       95%         4
 Animate Dead             Necr           11%        N/A       95%         4
 Dispel Undead            Necr           11%        3d9       95%         4
 Manifold Assault         Tloc           11%        N/A       95%         4
 Martyr's Knell           Necr/Summ      11%        N/A       95%         4
 Summon Blazeheart Golem  Fire/Summ      11%        N/A       95%         4
 Summon Lightning Spire   Summ/Air       11%        N/A       95%         4
 Freezing Cloud           Conj/Ice/Air   9%         6-21      99%         5
 Death Channel            Necr           5%         N/A       100%        6
 Haunt                    Necr/Summ      5%         N/A       100%        7
 Malign Gateway           Summ/Tloc      5%         N/A       100%        7
 Infestation              Necr           5%         N/A       100%        8


Dungeon Overview and Level Annotations

Branches:
Dungeon (15/15)            Temple (1/1) D:6            Lair (5/5) D:10
  Swamp (0/4) Lair:2        Snake (2/4) Lair:3        Slime (0/5) Lair:5
    Orc (2/2) D:9             Elf (0/3) Orc:2        Vaults (0/5) D:14
 Depths (0/4) D:15        Volcano (visited)

Altars:
Ashenzari
Cheibriados
Dithmenos
Fedhas
Gozag
Hepliaklqana
Kikubaaqudgha
Makhleb
Nemelex Xobeh
Okawaru
Qazlal
Ru
Sif Muna
Trog
Uskayaw
Vehumet
Wu Jian
Xom
Yredelemnul
Beogh
Jiyva

Shops:
D:3 [   D:4 **   D:6 *[*   D:9 =   D:13 [   D:14 (   Orc:2 :??(   Snake:2 [:(*

Portals:
Trove: D:14 (give 12 potions of heal wounds)


Innate Abilities, Weirdness & Mutations

Your natural rate of healing is accelerated.
You have razor-sharp teeth.
You have supernaturally acute eyesight. (SInv)
You are afflicted with vampirism and can become a bat while bloodless.


Message History

Unknown command.
Unknown command.
You hit the naga warrior.
The naga warrior is lightly wounded.
You feel very sick. The naga warrior spits poison at you.
The splash of poison hits you. You resist. The naga warrior constricts you.
* * * LOW HITPOINT WARNING * * *
You hit the naga warrior but do no damage.
Your bite misses the naga warrior.
The naga warrior is lightly wounded.
You feel sick.
The naga warrior hits you with a +0 halberd.
* * * LOW HITPOINT WARNING * * *
The naga warrior constricts you.
* * * LOW HITPOINT WARNING * * *
You hit the naga warrior.
The naga warrior is lightly wounded.
You feel sick.
The naga is no longer blind.
The naga warrior no longer looks unusually toxic.
You block the naga warrior's attack. The naga warrior constricts you.
* * * LOW HITPOINT WARNING * * *
Unknown command.
You catch the helpless naga warrior completely off-guard!
You stick the naga warrior like a pincushion!!!
The naga warrior is severely wounded.
You feel sick.
The naga warrior hits you with a +0 halberd!
* * * LOW HITPOINT WARNING * * *
The naga warrior constricts you!
* * * LOW HITPOINT WARNING * * *
You block the naga warrior's attack. The naga warrior constricts you.
* * * LOW HITPOINT WARNING * * *
You barely miss the naga warrior.
The naga warrior is severely wounded.
You feel sick.
The naga warrior is no longer blind.
The naga warrior hits you with a +0 halberd.
* * * LOW HITPOINT WARNING * * *
The naga warrior constricts you!
You die...

####### ###.....## #........####
### ######## #...........## ##.#
###....... .............###.##
##......... ........N......N##
#.......... ..............#N##
#......... ##............##@#
#....>).. ###........####.#
##....... ###..♣♣♣♣♣♣..###.## ###
##.##### .....♣....♣...###.###.#
##.#####
..N♣.....÷.♣♣..##...#.####.###...
...~...~~..~♣......##.#..........
...♣..≈~~~÷~♣..##..)##.##........
......~≈≈≈..♣..#.....#.##........
...♣P.≈≈≈~.~~♣....)..#.###.......


You could see a naga warrior and a naga.

Vanquished Creatures
  Kirke (Lair:3)
  Louise (Snake:2)
  A dire elephant (D:15)
  Snorg (D:10)
  Josephine (D:12)
  Fannar (D:10)
  A great orb of eyes (D:15)
  9 hydras
  3 ogre magi
  A catoblepas (Lair:5)
  6 anacondas
  An alligator (Lair:5)
  A merfolk avatar (Lair:5)
  A death knight (D:11)
  5 boulder beetles
  4 centaur warriors
  2 tengu warriors
  7 two-headed ogres
  6 naga sharpshooters
  2 naga warriors (Snake:1)
  A hell hog (Volcano)
  5 death yaks (Lair:4)
  A deep elf knight (D:14)
  A fire crab (Volcano)
  3 skysharks
  3 skeletal warriors (D:11)
  4 sea snakes
  An arcanist (D:14)
  5 large abominations (D:14)
  A mana viper (Snake:1)
  2 bog bodies (Lair:2)
  2 lindwurms (Lair:3)
  Pikel (D:6)
  11 ugly things
  8 deep elf pyromancers
  2 orc knights
  9 orc sorcerers (Orc:2)
  4 cyclopes (D:11)
  A wolf spider (D:15)
  5 salamanders
  7 elephants
  3 manticores
  17 black mambas
  6 naga magi
  6 kobold blastminers
  11 cane toads
  A torpor snail (Lair:5)
  4 gargoyles
  Maggie (D:9)
  3 unseen horrors
  2 kobold demonologists
  4 yaktaurs
  4 rime drakes
  A tengu conjurer (D:13)
  16 komodo dragons
  9 trolls
  5 polar bears
  A hornet (Lair:5)
  A wind drake (Lair:5)
  16 blink frogs
  A dream sheep (Lair:3)
  A snapping turtle (Lair:5)
  3 slime creatures
  2 shadows
  6 wyverns
  8 wraiths
  45 yaks
  4 fire bats
  A vampire (D:11)
  4 hogs (Lair:3)
  7 basilisks
  A warg (Orc:2)
  A yak (shapeshifter) (D:14)
  Grum (D:10)
  Menkaure (D:4)
  3 steam dragons
  6 vampire mosquitoes (D:11)
  18 nagas
  Edmund (D:4)
  6 small abominations (D:14)
  18 water moccasins
  A swamp drake (D:9)
  22 orc warriors
  Duvessa (D:5)
  4 black bears
  3 ice beasts
  11 ogres
  2 sky beasts
  4 boggarts (D:15)
  2 laughing skulls (D:15)
  14 wolves
  10 centaurs
  5 kobold brigands
  A weeping skull (D:5)
  12 bullfrogs
  2 gnoll sergeants
  6 scorpions
  A wight (D:8)
  Dowan (D:5)
  10 killer bees
  7 howler monkeys
  3 electric eels
  4 bombardier beetles
  9 orc priests
  2 gnoll boudas
  4 hounds
  3 jellies
  Natasha (thrice) (D:4)
  4 iguanas
  A sleepcap (D:5)
  34 orc wizards
  A hell rat (Lair:5)
  6 adders
  15 gnolls
  9 river rats (Lair:5)
  A shadow imp (D:5)
  A white imp (D:7)
  A ribbon worm (D:3)
  3 dart slugs
  59 orcs
  5 ball pythons
  11 endoplasms
  2 giant cockroaches
  5 goblins
  7 hobgoblins
  3 jackals (D:2)
  13 kobolds
  2 quokkas
  3 bats
  4 frilled lizards
  10 rats
  A spectral orc (D:5)
729 creatures vanquished.

Vanquished Creatures (collateral kills)
  Nessos (Lair:3)
  A hydra (Lair:2)
  A two-headed ogre (Volcano)
  Urug (D:12)
  3 kobold blastminers (Orc:1)
  A fire bat (Orc:1)
  An ogre (Orc:2)
  2 wights (D:9)
  3 orc wizards
  4 orcs
18 creatures vanquished.

Vanquished Creatures (others)
  3 dancing weapons
  2 orc wizards
  An orc (Orc:1)
6 creatures vanquished.

Grand Total: 753 creatures vanquished

Notes
Turn   | Place    | Note
-------+----------+-------------------------------------------
     0 | D:1      | tilp the Vampire Enchanter began the quest for the Orb.
     0 | D:1      | Reached XP level 1. HP: 13/13 MP: 3/3
    70 | D:1      | Reached XP level 2. HP: 9/20 MP: 5/5
    73 | D:1      | Learned a level 2 spell: Ensorcelled Hibernation
   401 | D:1      | Reached skill level 1 in Fighting
   729 | D:2      | Gained mutation: You are afflicted with vampirism and can
                  | become a bat while bloodless. [Vampire growth]
   729 | D:2      | Reached XP level 3. HP: 26/26 MP: 6/6
   738 | D:2      | Learned a level 3 spell: Confusing Touch
  1034 | D:2      | Found a basalt altar of Yredelemnul.
  1318 | D:3      | Reached skill level 5 in Stealth
  1334 | D:3      | Reached XP level 4. HP: 16/32 MP: 2/7
  1474 | D:3      | Found Luezyjit's Antique Armour Emporium.
  1502 | D:3      | Noticed a scorpion
  1636 | D:3      | Found a blossoming altar of Fedhas.
  1690 | D:3      | Found a faded altar of an unknown god.
  2076 | D:3      | Reached skill level 1 in Ice Magic
  2076 | D:3      | Reached XP level 5. HP: 36/38 MP: 3/8
  2080 | D:3      | Learned a level 3 spell: Tukima's Dance
  2102 | D:3      | Reached skill level 5 in Hexes
  2418 | D:4      | Reached skill level 1 in Evocations
  2418 | D:4      | Reached XP level 6. HP: 46/46 MP: 7/10
  2504 | D:4      | Noticed Natasha
  2509 | D:4      | Killed Natasha
  2583 | D:4      | Noticed Natasha
  2588 | D:4      | Killed Natasha
  2679 | D:4      | Found Nibiacs's General Store.
  2679 | D:4      | Found Eku Irho's Specific Store.
  2731 | D:4      | Noticed Natasha
  2736 | D:4      | Killed Natasha
  3114 | D:3      | Bought an embroidered cloak for 165 gold pieces
  3259 | D:4      | Noticed Menkaure
  3266 | D:4      | Killed Menkaure
  3267 | D:4      | Reached XP level 7. HP: 52/52 MP: 7/11
  3271 | D:4      | Learned a level 3 spell: Dazzling Flash
  3417 | D:4      | Noticed Edmund
  3433 | D:4      | Killed Edmund
  3619 | D:4      | Found Nibiacs's General Store.
  3619 | D:4      | Found Eku Irho's Specific Store.
  4776 | D:4      | Found Nibiacs's General Store.
  4776 | D:4      | Found Eku Irho's Specific Store.
  4801 | D:4      | Identified a scroll of acquirement
  4801 | D:4      | Acquired 935 gold pieces
  4817 | D:4      | Bought a scroll of enchant armour for 105 gold pieces
  4817 | D:4      | Bought a scroll of identify for 28 gold pieces
  4886 | D:3      | Bought a pair of boots for 99 gold pieces
  4886 | D:3      | Bought a buckler for 99 gold pieces
  4886 | D:3      | Bought a glowing leather armour for 110 gold pieces
  4936 | D:5      | Entered Level 5 of the Dungeon
  5026 | D:5      | Found an iron altar of Okawaru.
  5033 | D:5      | Noticed Dowan
  5111 | D:5      | Reached XP level 8. HP: 53/58 MP: 13/13
  5197 | D:5      | Found a basalt altar of Yredelemnul.
  5226 | D:5      | Reached skill level 1 in Conjurations
  5295 | D:5      | Noticed Duvessa
  5313 | D:5      | Killed Duvessa
  5470 | D:5      | Reached skill level 1 in Shields
  5475 | D:5      | Reached skill level 5 in Short Blades
  5885 | D:5      | Killed Dowan
  6112 | D:6      | Found Cycahoud's General Store.
  6120 | D:6      | Bought a +2 helmet for 231 gold pieces
  6120 | D:6      | Bought a scroll of teleportation for 42 gold pieces
  6120 | D:6      | Bought a potion of curing for 42 gold pieces
  6234 | D:6      | Found Qahucova's Armour Emporium.
  6270 | D:6      | Found Cinleip's Magic Scroll Emporium.
  6278 | D:6      | Bought a scroll of noise for 14 gold pieces
  6278 | D:6      | Bought a scroll of silence for 133 gold pieces
  6278 | D:6      | Bought a scroll of fog for 56 gold pieces
  6351 | D:6      | Noticed Pikel
  6368 | D:6      | Killed Pikel
  6369 | D:6      | Reached XP level 9. HP: 67/67 MP: 11/15
  6409 | D:6      | Found Kavuong's General Store.
  6787 | D:6      | Found a staircase to the Ecumenical Temple.
  6796 | Temple   | Entered the Ecumenical Temple
  6807 | Temple   | Became a worshipper of the Wu Jian Council
  7088 | D:6      | Bought a scroll of blinking for 105 gold pieces
  7088 | D:6      | Bought a scroll of identify for 28 gold pieces
  7267 | D:7      | Reached skill level 5 in Fighting
  7268 | D:7      | Found a stormy altar of Qazlal.
  7370 | D:7      | Found a sparkling altar of Nemelex Xobeh.
  8254 | D:8      | Reached XP level 10. HP: 62/76 MP: 2/17
  8517 | D:8      | Found a shimmering altar of Xom.
  9020 | D:8      | Reached * piety under Wu Jian
  9415 | D:6      | Bought a scroll of identify for 26 gold pieces
  9455 | D:6      | Bought a scroll of identify for 28 gold pieces
  9455 | D:6      | Bought a scroll of identify for 28 gold pieces
  9455 | D:6      | Bought a scroll of identify for 28 gold pieces
  9462 | D:6      | Learned a level 3 spell: Sigil of Binding
  9839 | D:9      | Reached skill level 5 in Spellcasting
 10033 | D:9      | Noticed Maggie
 10039 | D:9      | Killed Maggie
 10289 | D:9      | Reached ** piety under Wu Jian
 10610 | D:9      | Found Arourif's Jewellery Emporium.
 10884 | D:9      | Found a staircase to the Orcish Mines.
 10962 | D:9      | Reached skill level 1 in Armour
 11186 | D:6      | Bought a scroll of revelation for 105 gold pieces
 11186 | D:6      | Bought a scroll of teleportation for 42 gold pieces
 11306 | D:10     | Entered Level 10 of the Dungeon
 11396 | D:10     | Noticed Grum
 11406 | D:10     | Killed Grum
 11473 | D:10     | Noticed Fannar
 11473 | D:10     | Noticed Snorg
 11695 | D:10     | Killed Snorg
 11696 | D:10     | Reached skill level 10 in Stealth
 11921 | D:10     | Reached XP level 11. HP: 84/84 MP: 13/18
 11953 | D:10     | Got the Tome of Predestined Production
 11960 | D:10     | Learned a level 5 spell: Yara's Violent Unravelling
 12014 | D:10     | Found a staircase to the Lair.
 12328 | D:10     | Found a staircase to the Lair.
 12519 | D:10     | Killed Fannar
 12610 | D:11     | Noticed a death knight
 12632 | D:11     | Killed a death knight
 12858 | D:11     | Reached skill level 10 in Short Blades
 12893 | D:11     | Reached skill level 10 in Hexes
 12902 | D:11     | Noticed a two-headed ogre
 12908 | D:11     | Noticed a skeletal warrior
 12908 | D:11     | Killed a two-headed ogre
 12908 | D:11     | Noticed a skeletal warrior
 13017 | D:11     | Noticed a deep elf pyromancer
 13020 | D:11     | Killed a deep elf pyromancer
 13210 | D:11     | Reached skill level 5 in Armour
 13307 | D:11     | Noticed a two-headed ogre
 13312 | D:11     | Killed a two-headed ogre
 13462 | D:11     | Noticed a tengu warrior
 13469 | D:11     | Killed a tengu warrior
 13661 | Lair:1   | Entered Level 1 of the Lair of Beasts
 13859 | Lair:1   | Reached XP level 12. HP: 93/93 MP: 12/19
 14576 | Lair:2   | Reached *** piety under Wu Jian
 14772 | Lair:2   | Noticed an eight-headed hydra
 14938 | Lair:2   | Reached skill level 5 in Dodging
 15170 | Lair:2   | Noticed an eight-headed hydra
 15172 | Lair:2   | Killed an eight-headed hydra
 15247 | Lair:2   | Reached skill level 5 in Evocations
 15251 | Lair:2   | Reached skill level 5 in Shields
 15769 | Lair:2   | Found a staircase to the Swamp.
 15874 | Lair:2   | Killed an eight-headed hydra
 16268 | Lair:3   | Reached **** piety under Wu Jian
 16289 | Lair:3   | Noticed a boulder beetle
 16301 | Lair:3   | Killed a boulder beetle
 16302 | Lair:3   | Reached XP level 13. HP: 101/101 MP: 6/22
 16792 | Lair:3   | Noticed Nessos
 16803 | Lair:3   | Killed Nessos
 16994 | Lair:3   | Found a staircase to the Snake Pit.
 17051 | Lair:3   | You fall into a shaft and drop 2 floors!
 17051 | Lair:5   | Entered Level 5 of the Lair of Beasts
 17152 | Lair:5   | Found a dark tunnel.
 17192 | Volcano  | Entered a volcano
 17252 | Volcano  | Reached skill level 10 in Fighting
 18081 | Lair:5   | Reached XP level 14. HP: 111/111 MP: 24/24
 18760 | Lair:3   | Reached ***** piety under Wu Jian
 18917 | Lair:3   | Noticed Kirke
 19351 | Lair:3   | Killed Kirke
 19497 | Lair:3   | Identified the +9 mace "Piafoschi" {drain, rCorr Str+2}
 21536 | Lair:4   | Reached XP level 15. HP: 116/119 MP: 5/25
 22626 | Lair:5   | Found a viscous altar of Jiyva.
 22626 | Lair:5   | Found a staircase to the Slime Pits.
 23758 | Orc:1    | Entered Level 1 of the Orcish Mines
 23861 | Orc:2    | Entered Level 2 of the Orcish Mines
 24115 | Orc:2    | Reached ****** piety under Wu Jian
 24391 | Orc:2    | Found a staircase to the Elven Halls.
 25023 | Orc:2    | Found a roughly hewn altar of Beogh.
 25695 | Orc:1    | Found a roughly hewn altar of Beogh.
 25900 | Orc:2    | Found a radiant altar of Vehumet.
 26080 | Orc:2    | Found Hynon's Antique Weapon Emporium.
 26160 | Orc:2    | Found an ancient bone altar of Kikubaaqudgha.
 26239 | Orc:2    | Found a roughly hewn altar of Beogh.
 26239 | Orc:2    | Found Norur's Magic Scroll Shoppe.
 26360 | Orc:2    | Found Uson's Book Shoppe.
 26412 | Orc:2    | Found Ofoaf's Magic Scroll Emporium.
 26669 | Orc:2    | Bought a scroll of revelation for 82 gold pieces
 26669 | Orc:2    | Bought a scroll of teleportation for 33 gold pieces
 26669 | Orc:2    | Bought a scroll of fear for 44 gold pieces
 26669 | Orc:2    | Bought a scroll of fog for 44 gold pieces
 26669 | Orc:2    | Bought a scroll of fog for 44 gold pieces
 26683 | Orc:2    | Bought a scroll of fog for 56 gold pieces
 26683 | Orc:2    | Bought a scroll of teleportation for 42 gold pieces
 26683 | Orc:2    | Bought a scroll of revelation for 105 gold pieces
 26860 | D:6      | Bought a scroll of fog for 52 gold pieces
 26860 | D:6      | Bought a potion of curing for 39 gold pieces
 26860 | D:6      | Bought a potion of magic for 104 gold pieces
 27046 | D:11     | Reached skill level 1 in Alchemy
 28088 | D:12     | Noticed Urug
 28100 | D:12     | Killed Urug
 28461 | D:12     | Noticed Josephine
 28464 | D:12     | Killed Josephine
 29198 | D:13     | Reached XP level 16. HP: 129/129 MP: 20/27
 29578 | D:13     | Found Fig Qad's Antique Armour Shoppe.
 29892 | D:13     | Bought a pair of runed gloves for 240 gold pieces
 29906 | D:13     | Bought a pair of glowing boots for 240 gold pieces
 29907 | D:13     | Bought a transparent ring mail for 288 gold pieces
 29907 | D:13     | Identified the +0 ring mail of Pride {rCorr} (You bought it
                  | in a shop on level 13 of the Dungeon)
 30562 | D:14     | Got the Incunabulum of Massed Wanderlust
 30572 | D:14     | Learned a level 7 spell: Enfeeble
 30577 | D:14     | Learned a level 4 spell: Cause Fear
 31213 | D:14     | Found Galuizung's Weapon Emporium.
 31499 | D:14     | Found a broken altar of Ashenzari.
 31554 | D:14     | Found a gate to the Vaults.
 31606 | D:14     | Found a portal to a secret trove of treasure.
 31884 | D:15     | Entered Level 15 of the Dungeon
 32472 | D:15     | Found a bloodstained altar of Trog.
 32660 | D:15     | Found a staircase to the Depths.
 32732 | D:15     | Reached skill level 10 in Shields
 33312 | Snake:1  | Entered Level 1 of the Snake Pit
 35973 | Snake:2  | Found Woudwuef's General Store.
 36227 | Snake:2  | Noticed Louise
 36520 | Snake:2  | Killed Louise
 36521 | Snake:2  | Reached skill level 1 in Throwing
 36537 | Snake:2  | Found Ecarit's Weapon Shoppe.
 36661 | Snake:2  | Found a transporter.
 36661 | Snake:2  | Found Teuraydocw's Book Emporium.
 36724 | Snake:2  | Found a transporter.
 36735 | Snake:2  | Reached skill level 10 in Dodging
 37263 | Snake:2  | Found Vezxe's Antique Armour Emporium.
 37306 | Snake:2  | HP: 5/132 [naga warrior/+0 halberd (5)]
 37306 | Snake:2  | Constricted to death by a naga warrior

Illustrated notes

Levels and vault maps discovered:
D:1:      dpeg_arrival_pits, layout_rooms, minivault_4
D:2:      layout_loops_ring, basic_altar
D:3:      wander_river, layout_loops_ring, fedhas_altar_3,
          ebering_ecumenical_altar_abandoned, serial_shops, shop,
          grunt_decor_cap, minmay_distorted
D:4:      layout_loops_ring, lemuel_coloured_pillars_altar,
          chequers_mini_garden, nicolae_specific_store, hangedman_decor_growths,
          uniq_edmund, uniq_menkaure, uniq_natasha
D:5:      layout_basic, yredelemnul_forgotten_temple_becter,
          kennysheep_okawaru_gauntlet, uniq_duvessa
D:6:      layout_basic, lemuel_temple_firewalk_b, serial_shops, shop,
          nicolae_shop_tiny_statue_garden, shop, nicolae_shop_hallway_plus,
          roderic_three_in_a_row, uniq_pikel
D:7:      layout_cave_pods, nemelex_spade_bored_becter, grunt_qazlal_clouds,
          serial_rivers, chequers_serial_rivers_small_b,
          chequers_serial_rivers_large_b, chequers_serial_rivers_room_b,
          chequers_serial_rivers_room_a, chequers_serial_rivers_micro_a,
          chequers_serial_rivers_room_a, st_stairs_6,
          amcnicky_mini_rare_corridor_liquid
D:8:      layout_basic, xom_teletrap_fun
D:9:      layout_roguey, erik_orc_1, serial_shops, shop, hangedman_glass_teeth,
          grunt_ministairs_4, uniq_maggie
D:10:     layout_loops_ring, grunt_lair_entry_orc_guard_hut, uniq_fannar,
          uniq_snorg, uniq_grum
D:11:     layout_basic, minmay_the_grid_2x2 [minmay_the_grid_tree,
          minmay_the_grid_slots, minmay_the_grid_large_cup,
          minmay_the_grid_prize_shrinking_boxes]
D:12:     layout_irregular_city, uniq_urug, uniq_josephine
D:13:     layout_loops_ring, serial_shops, nicolae_shop_back_alley_shop,
          lemuel_flame_loot_1
D:14:     layout_basic, hangedman_vaults_entry_quadrant_bands, serial_shops,
          nicolae_shop_tiny_waterfront, nicolae_trove_entry_crystal,
          nicolae_ashenzari_skybound, laboratory
D:15:     hangedman_depths_entry_try_elsewhere_first, layout_basic,
          dk_noncrumbling_4, minivault_10, corexii_corridor_pit, bloody_trog
Temple:   hellmonk_temple_of_storms
Lair:1:   layout_regular_city, grunt_megastairs_2, serial_bayou_shore_b
Lair:2:   beast_lair_carwin_large_2, layout_regular_city,
          skrybe_swamp_entry_bodies, st_stairs_4, chequers_serial_rivers_large_a
Lair:3:   nzn_winding_woodlands_cross [nzn_winding_woodlands_5x15_pool,
          nzn_winding_woodlands_5x15_twine, nzn_winding_woodlands_5x15_garden,
          nzn_winding_woodlands_5x15_sawtooth,
          nzn_winding_woodlands_15x15_eel_pit], layout_small_grid,
          alex1729_snake_entry_snake, basic_altar, nicolae_lair_lindhole,
          uniq_kirke, uniq_nessos
Lair:4:   layout_loops_ring, grunt_megastairs_1
Lair:5:   gammafunk_lair_ancient_temple, layout_loops_ring,
          dpeg_slime_entry_enclosed, nicolae_volcano_entry_lava_flow,
          kennysheep_abandoned_house
Snake:1:  layout_chambers, serial_bayou_shore_b
Snake:2:  layout_chambers, serial_shops, nicolae_shop_tiny_waterfront, shop,
          nicolae_shop_drivethru, shop, basic_altar, nicolae_snake_snake_lake,
          serial_bayou_pond_c, nicolae_snake_horde_hoard, uniq_louise
Orc:1:    layout_caves, basic_altar, nicolae_orc_lava_tube
Orc:2:    kennysheep_orc_mage_school, layout_diamond_mine,
          david_defended_altar_orc

Skill      XL: |  1  2  3  4  5  6  7  8  9 10 11 12 13 14 15 16 |
---------------+-------------------------------------------------+-----
Fighting       | 1 2 3 4 5 7 8 9 10 11 12 13 | 13.7
Short Blades   | 2 3 4 5 7 8 10 | 10.0
Stealth        | 5 6 7 8 10 11 12 14 | 14.4
Ice Magic      | 1 2 |  2.0
Hexes          | 5 6 7 8 10 11 12 13 14 | 14.7
Dodging        | 3 4 5 7 8 10 | 10.0
Evocations     | 1 2 3 4 5 6 7 8 9 |  9.4
Spellcasting   | 3 4 5 6 7 8 |  8.6
Conjurations   | 1 2 |  2.0
Shields        | 2 3 4 5 6 7 9 10 | 10.0
Armour         | 1 5 6 7 8 |  8.0
Alchemy        | 2 |  2.0
Throwing       | 1 |  1.4

Action                     |  1- 3 |  4- 6 |  7- 9 | 10-12 | 13-15 | 16-18 || total
---------------------------+-------+-------+-------+-------+-------+-------++-------
  Melee: Dagger            |    64 |    76 |   194 |   521 |   772 |   443 ||  2070
         Bite              |     5 |     8 |    31 |    56 |   106 |    85 ||   291
         Unarmed           |       |       |       |       |    11 |       ||    11
  Throw: Dart              |       |       |       |     2 |       |       ||     2
         Boomerang         |       |       |       |     1 |     9 |     1 ||    11
   Cast: Ensorcelled Hiber |     4 |    25 |    50 |   174 |   225 |    94 ||   572
         Confusing Touch   |       |     2 |    14 |    19 |    42 |    22 ||    99
         Dazzling Flash    |       |       |     6 |    16 |    61 |    44 ||   127
         Tukima's Dance    |       |       |       |     8 |    25 |     4 ||    37
         Sigil of Binding  |       |       |       |     3 |       |       ||     3
Ability: Lunge             |       |       |     7 |    67 |    88 |    64 ||   226
         Whirlwind         |       |       |       |    19 |    22 |    15 ||    56
  Evoke: Wand              |       |       |     1 |       |     5 |       ||     6
         Phantom mirror    |       |       |       |     1 |     1 |       ||     2
    Use: Scroll            |     5 |     5 |     7 |    10 |    11 |     3 ||    41
         Potion            |       |     1 |       |     1 |     3 |     2 ||     7
   Stab: Sleeping          |    12 |    24 |    34 |   113 |   154 |    79 ||   416
         Confused          |       |     2 |    11 |    22 |    38 |    20 ||    93
         Invisible         |       |     1 |     3 |    12 |    49 |    29 ||    94
         Distracted        |       |       |       |       |     3 |     1 ||     4
 Armour: Robe              |    21 |    30 |    12 |       |       |       ||    63
         Leather armour    |       |       |    73 |   135 |    60 |    90 ||   358
         Steam dragon scal |       |       |       |   114 |   308 |   124 ||   546
         Skin              |       |       |       |       |     5 |       ||     5
  Dodge: Dodged            |    27 |    49 |    90 |   233 |   311 |   199 ||   909
  Block: Buckler           |       |       |    21 |   106 |    25 |       ||   152
         Kite shield       |       |       |       |       |   316 |   207 ||   523

Table legend: (Time is in decaauts)
 A = Elapsed time spent in this place.
 B = Non-inter-level travel time spent in this place.
 C = Inter-level travel time spent in this place.
 D = Time resting spent in this place.
 E = Time spent auto-exploring this place.
 F = Levels seen in this place.
 G = Mean time per level.
                   A        B        C        D        E       F      G
               +--------+--------+--------+--------+--------+-----+--------+
         Total |  36957 |  34194 |   2763 |   5465 |  21940 |  26 | 1421.4 |
       Dungeon |  20029 |  18129 |   1900 |   1371 |  13492 |  15 | 1335.3 |
        Temple |     22 |      1 |     21 |      0 |      0 |   1 |   22.0 |
          Lair |   9103 |   8659 |    444 |   1963 |   4647 |   5 | 1820.6 |
     Snake Pit |   3978 |   3872 |    106 |   1003 |   2323 |   2 | 1989.0 |
  Orcish Mines |   2952 |   2662 |    290 |    627 |   1457 |   2 | 1476.0 |
       Volcano |    870 |    870 |      0 |    501 |     21 |   1 |  870.0 |
               +--------+--------+--------+--------+--------+-----+--------+

Top non-repeatable levels by time:
 Snake:1: 2880 daAuts
     D:4: 2479 daAuts
   Orc:2: 2281 daAuts
  Lair:3: 2118 daAuts
  Lair:5: 2082 daAuts
  Lair:4: 1975 daAuts
  Lair:2: 1908 daAuts
    D:14: 1901 daAuts
    D:11: 1809 daAuts
    D:10: 1628 daAuts
     D:9: 1537 daAuts
     D:7: 1423 daAuts
     D:8: 1340 daAuts
     D:3: 1225 daAuts
     D:6: 1208 daAuts
